 Dungeon Crawl Stone Soup version 0.23-a0-49-gd9f7a49 (webtiles) character file.

48 topirishpotato the Skirmisher (level 3, -1/43 HPs)
             Began as a Demonspawn Monk on Aug 7, 2018.
             Slain by an adder (2 damage)
             ... on level 2 of the Dungeon.
             The game lasted 00:03:05 (1463 turns).

topirishpotato the Skirmisher (Demonspawn Monk)     Turns: 1463, Time: 00:03:05

Health: -1/43      AC: 21    Str: 12    XL:     3   Next: 50%
Magic:  3/3        EV:  2    Int: 11    God:
Gold:   29         SH:  0    Dex: 15    Spells: 2/2 levels left

rFire    . . .     SeeInvis .   a - +0 falchion
rCold    . . .     Gourm    .   (no shield)
rNeg     + + +     Faith    .   (armour currently unavailable)
rPois    +         Spirit   .   (helmet currently unavailable)
rElec    .         Reflect  .   (cloak currently unavailable)
rCorr    .         Harm     .   (gloves currently unavailable)
MR       .....     NoTele   +   (boots currently unavailable)
Stlth    ++........             (no amulet)
HPRegen  0.14/turn              (no ring)
MPRegen  0.08/turn              (no ring)

@: lethally poisoned (-1 -> -11), tree-form
A: no striking features
a: no special abilities


You were on level 2 of the Dungeon.
You were not hungry.
You were a tree.
You visited 1 branch of the dungeon, and saw 2 of its levels.

You collected 29 gold pieces.

Inventory:

Hand Weapons
 a - a +0 falchion (weapon)
Armour
 b - a +0 robe (melded)
 f - a +0 pair of boots (melded)
Jewellery
 l - an uncursed amulet of harm {unknown}
Scrolls
 d - a scroll of identify {unknown}
 g - a scroll of fog {unknown}
 i - a scroll of fear {unknown}
 j - a scroll of enchant armour {unknown}
Comestibles
 c - 3 rations
 k - a chunk of flesh


   Skills:
 + Level 3.5 Fighting
 * Level 3.3 Long Blades
 * Level 0.1 Armour
 + Level 3.1 Dodging
 - Level 1.9 Stealth


You had 2 spell levels left.
You didn't know any spells.
Your spell library was empty.

Dungeon Overview and Level Annotations

Branches:
Dungeon (2/15)

Altars:


Innate Abilities, Weirdness & Mutations

((You have a pair of small antennae on your head.))


Message History

You barely miss the adder.
The adder is lightly wounded.
* * * LOW HITPOINT WARNING * * *
You feel sick. The adder bites you but does no damage. The adder misses you.
It was a potion of magic.
Magic courses through your body.
* * * LOW HITPOINT WARNING * * *
You feel sick. The adder bites you.
* * * LOW HITPOINT WARNING * * *
You are more poisoned.
The adder poisons you!
It was a potion of lignification.
You turn into a tree.
Your +0 pair of boots melds into your body.
Your +0 robe melds into your body.
Your roots penetrate the ground.
* * * LOW HITPOINT WARNING * * *
You feel sick. The adder bites you but does no damage.
You barely miss the adder.
The adder is lightly wounded.
* * * LOW HITPOINT WARNING * * *
You feel sick. The adder bites you.
You die...

.[...# .....
..... #...
#?.####.#
#.####.......#
#......†......
#S#
(.#.#######♣#
.......<....#
....#########
.


You could see an adder.

Vanquished Creatures
  A gnoll (D:1)
  An ooze (D:1)
  A worm (D:2)
  A leopard gecko (D:1)
  2 giant cockroaches (D:1)
  4 goblins (D:1)
  2 hobgoblins (D:1)
  4 jackals (D:1)
  3 kobolds (D:1)
  4 bats (D:1)
  A frilled lizard (D:1)
  3 rats (D:1)
27 creatures vanquished.

Notes
Turn   | Place    | Note
-------+----------+-------------------------------------------
     0 | D:1      | topirishpotato the Demonspawn Monk began the quest for the Orb.
     0 | D:1      | Reached XP level 1. HP: 18/18 MP: 1/1
    44 | D:1      | Gained mutation: You have a pair of small antennae on your head. [demonic ancestry]
    44 | D:1      | Reached XP level 2. HP: 8/24 MP: 2/2
    51 | D:1      | HP: 1/24 [jackal (3)]
   794 | D:1      | Reached XP level 3. HP: 25/29 MP: 3/3
  1462 | D:2      | HP: 2/43 [poisoned by an adder]
  1463 | D:2      | Slain by an adder

Vault maps used:
D:1:      giann_horns, kennysheep_minor_cross, minmay_surrounded
D:2:      nemelex_xobeh_ov_fountains_minmay, tgw_trog, minmay_misc_feat_tiny,
          st_stairs_3, uniq_jessica, uniq_natasha, uniq_terence,
          uniq_crazy_yiuf_cottage

Skill      XL: |  1  2 |
---------------+-------+-----
Long Blades    | 3 |  3.3
Dodging        | 3 |  3.1
Fighting       | |  3.5
Armour         | |  0.1
Stealth        | |  1.9

Action                   || total
-------------------------++-------
Melee: Falchion          ||    93
  Use: Potion            ||     2
 Stab: Distracted        ||     1
       Sleeping          ||     3
  Eat: Chunk             ||     2
Armor: Robe              ||    36
       Skin              ||     1
Dodge: Dodged            ||   102
       Rpst.: Falchion   ||    29

Table legend:
 A = Spawn XP
 B = Non-spawn XP
 C = Spawn XP percentage of total XP
 D = Spawn monster count
 E = Non-spawn monster count
 F = Spawn count percentage of total count
 G = Total turns spent on level
                    A         B        C        D         E        F      G
               +---------+---------+-------+---------+---------+-------+---------
         Total |       0 |      69 |   0.0 |       0 |      27 |   0.0 |  1463
               +---------+---------+-------+---------+---------+-------+---------
           D:1 |       0 |      64 |   0.0 |       0 |      26 |   0.0 |  1442
           D:2 |       0 |       5 |   0.0 |       0 |       1 |   0.0 |    21
               +---------+---------+-------+---------+---------+-------+---------
